[Event "*** Titled Tuesday Blitz"]
[Site "Chess.com"]
[Date "2021.03.02"]
[Round "7"]
[White "K_A_S_T_O_R"]
[Black "Gusarov91"]
[Result "1-0"]
[WhiteElo "2769"]
[BlackElo "2521"]
[TimeControl "180+1"]
[EndTime "11:17:56 PST"]
[Termination "K_A_S_T_O_R won by resignation"]

1. e4 c6 2. c4 c5 3. Nf3 Nc6 4. d4 cxd4 5. Nxd4 g6 6. Be3 Bg7 7. Nc3 d6 8. Be2 Nxd4 9. Bxd4 Nf6 10. O-O O-O 11. b4 Be6 12. f3 b6 13. Rc1 Rc8 14.
Nd5 Bxd5 15. exd5 Nd7 16. Be3 Qc7 17. Qd2 a5 18. a3 axb4 19. axb4 Ra8 20. f4 Ra3 21. Rc2 Rfa8 22. Rfc1 Ra1 23. h3 Rxc1+ 24. Rxc1 Ra3 25. Rc2 f5 26. Bf3 Ra1+ 27. Kh2 Qa7 28.
Bd4 Bxd4 29. Qxd4 Nf6 30. Re2 Kf7 31. Qe3 Ra3 32. Qe6+ Kf8 33. c5 bxc5 34. bxc5 Ra6 35. c6 Ra4 36. Qc8+ Kg7 37. Qb7 Qxb7 38. cxb7 Rb4 39.
Rxe7+ Kh6 40. g4 fxg4 41. hxg4 g5 42. Re6 Rb2+ 43. Kh3 Kg7 44. fxg5 Nd7 45. Re7+ 1-0

[Event "*** Titled Tuesday Blitz"]
[Site "Chess.com"]
[Date "2021.03.02"]
[Round "7"]
[White "Tekushka"]
[Black "Kaslask"]
[Result "0-1"]
[WhiteElo "2422"]
[BlackElo "2294"]
[TimeControl "180+1"]
[EndTime "11:17:57 PST"]
[Termination "Kaslask won on time"]

1. e4 c5 2. Nf3 e6 3. d4 cxd4 4. Nxd4 Nf6 5. Nc3 Nc6 6. Ndb5 Bc5 7. Bf4 e5 8. Bg5 O-O 9. Qd2 Bb4 10. a3 Bxc3 11. Nxc3 h6 12. Bh4 Nxe4 13. Bxd8 Nxd2 14.
Bc7 Nxf1 15. Rxf1 Re8 16. O-O-O b6 17. Nb5 Ba6 18. a4 Nd4 19. Rfe1 Nxb5 20. axb5 Bxb5 21.
Bxe5 Bc6 22. f3 a5 23. Bc3 Rxe1 24. Rxe1 b5 25. Kd2 b4 26. Bd4 a4 27. Ra1 a3 28.
Bc5 axb2 29. Rc1 bxc1=Q+ 0-1

[Event "*** Titled Tuesday Blitz"]
[Site "Chess.com"]
[Date "2021.03.02"]
[Round "7"]
[White "Fortitudine"]
[Black "esteban062000"]
[Result "1-0"]
[WhiteElo "2317"]
[BlackElo "2159"]
[TimeControl "180+1"]
[EndTime "11:17:57 PST"]
[Termination "Fortitudine won by resignation"]

1. c4 c5 2. g3 Nc6 3. Bg2 g6 4. Nc3 Bg7 5. e4 e6 6. d3 Nge7 7. Nge2 O-O 8. Be3 a6 9. Bxc5 d6 10. Be3 Rb8 11. a4 f5 12. O-O Bd7 13. Qd2 Ne5 14.
b3 Ng4 15. d4 Nxe3 16. Qxe3 b5 17. cxb5 axb5 18. a5 b4 19. Nb1 Ra8 20. Nd2 Rxa5 21.
Rxa5 Qxa5 22. Nc4 Qa7 23. Nxd6 Qc7 24. e5 Qa7 25. Rc1 Nc8 26. Nxc8 Rxc8 27. Rxc8+ Bxc8 28. Qc1 Ba6 29. Nf4 Qxd4 30. Nxe6 Bxe5 31. Nxd4 1-0

[Event "*** Titled Tuesday Blitz"]
[Site "Chess.com"]
[Date "2021.03.02"]
[Round "7"]
[White "Nuvas"]
[Black "Volodar_Murzin"]
[Result "0-1"]
[WhiteElo "2545"]
[BlackElo "2696"]
[TimeControl "180+1"]
[EndTime "11:17:58 PST"]
[Termination "Volodar_Murzin won by resignation"]

1. d4 Nf6 2. c4 g6 3. Nc3 Bg7 4. e4 O-O 5. h3 d6 6. Be3 e5 7. d5 a5 8. g4 Na6 9. Nge2 Nc5 10. Ng3 Bd7 11. f3 a4 12. Qd2 c6 13. h4 Qa5 14.
h5 cxd5 15. cxd5 b5 16. g5 Ne8 17. Qh2 a3 18. b4 Qxb4 19. Bd2 h6 20. gxh6 Bf6 21.
h7+ Kh8 22. Rb1 Qd4 23. Nxb5 Nd3+ 24. Bxd3 Qxd3 25. Rb3 Qxb3 26. axb3 a2 27. Bc3 a1=Q+ 28. Bxa1 Rxa1+ 29. Kf2 Ra2+ 30. Ne2 Bxb5 31. Re1 Ng7 32. hxg6 fxg6 33. Qh6 Rc8 34. Qxg6 Bh4+ 35. Kf1 Bxe1 36. Kxe1 Rxe2+ 37. Kd1 Ra8 0-1

[Event "*** Titled Tuesday Blitz"]
[Site "Chess.com"]
[Date "2021.03.02"]
[Round "7"]
[White "Pogosian_Manvel"]
[Black "frazier69"]
[Result "0-1"]
[WhiteElo "2432"]
[BlackElo "2573"]
[TimeControl "180+1"]
[EndTime "11:17:59 PST"]
[Termination "frazier69 won by resignation"]

1. Nf3 d5 2. d4 Nf6 3. c4 e6 4. Nc3 a6 5. Bg5 dxc4 6. e4 b5 7. e5 h6 8. Bh4 g5 9. Nxg5 hxg5 10. Bxg5 Nbd7 11. exf6 Bb7 12. d5 Nc5 13. dxe6 Nxe6 14. Qxd8+ Rxd8 15. Be3 Bc5 16. Bxc5 Nxc5 17. f3 Rd6 18. Kf2 Rd2+ 19. Be2 Rxb2 20. Rab1 Rc2 21. Nxb5 axb5 22. Rxb5 Nd3+ 23. Ke3 Bc8 24. Bxd3 cxd3 25. Kxd3 Rxg2 26. Re1+ Kd7 27. Re7+ Kd6 28. Ra5 Be6 29. Ra6+ Ke5 30. Rxc7 Kxf6 31. a4 Rhxh2 32. a5 Rd2+ 33. Ke3 Rhe2+ 34. Kf4 Rd4+ 35. Kg3 Ra2 36. Rc5 Ra3 37. Ra8 Rdd3 38. a6 Rxf3+ 39. Kg2 Rfb3 40. a7 Rb2+ 41. Kg1 Ra1+ 0-1

[Event "*** Titled Tuesday Blitz"]
[Site "Chess.com"]
[Date "2021.03.02"]
[Round "7"]
[White "AlexPapasimakopoulos"]
[Black "SergeyShtyka"]
[Result "1-0"]
[WhiteElo "2597"]
[BlackElo "2468"]
[TimeControl "180+1"]
[EndTime "11:18:00 PST"]
[Termination "AlexPapasimakopoulos won on time"]

1. d4 c5 2. d5 e5 3. e4 d6 4. Nc3 Be7 5. Bb5+ Bd7 6. Nf3 a6 7. Bxd7+ Nxd7 8. a4 Ngf6 9. O-O O-O 10. Nd2 Ne8 11. Nc4 Nc7 12. a5 Nb5 13. Na4 Bg5 14.
Nab6 Nxb6 15. Nxb6 Bxc1 16. Rxc1 Rb8 17. Qg4 g6 18. c3 f5 19. exf5 Rxf5 20. f4 exf4 21. Rxf4 Rxf4 22. Qxf4 Qe7 23. Rf1 Rf8 24. Qxf8+ Qxf8 25. Rxf8+ Kxf8 26. Kf2 Ke7 27. Ke3 Nc7 28. Kf4 h6 29. h4 Kf6 30. g4 Ke7 31. Ke4 Ne8 32.
b3 h5 33. gxh5 gxh5 34. Kf5 Nf6 35. Nc8+ Kf7 36. Nxd6+ Kg7 37. c4 1-0

[Event "*** Titled Tuesday Blitz"]
[Site "Chess.com"]
[Date "2021.03.02"]
[Round "7"]
[White "tgpgoat"]
[Black "Grineva_Marianna"]
[Result "0-1"]
[WhiteElo "2095"]
[BlackElo "2227"]
[TimeControl "180+1"]
[EndTime "11:18:00 PST"]
[Termination "Grineva_Marianna won by resignation"]

1. d4 Nf6 2. Nf3 d6 3. Bf4 g6 4. Nbd2 Bg7 5. c3 O-O 6. e4 Bg4 7. h3 Bxf3 8. Qxf3 c6 9. Bd3 Nbd7 10. O-O e5 11. Bh2 Qe7 12. Rad1 Rae8 13. Nc4 b5 14. Na5 Rc8 15. Bb1 Nb6 16. dxe5 dxe5 17. Nb3 Nc4 18.
Qe2 Nd7 19. Bd3 Ndb6 20. Kh1 a5 21. Bg1 a4 22. Nc1 a3 23. b3 Nb2 24. Rd2 Nd7 25. Bb1 Nc5 26. f3 Ne6 27. Qf2 Bh6 28. Rc2 Rfd8 29. Re2 Nd1 30. Qb6 Bxc1 31. Ree1 Nxc3 32. Rxc1 Nxb1 33. Rxb1 Nf4 34. Rbc1 Ne2 35. Rxc6 Ng3+ 36.
Kh2 Nxf1+ 37. Kh1 Rxc6 38. Qxc6 Rd1 39. Qxb5 Qg5 40. Qe2 Ng3+ 0-1

[Event "*** Titled Tuesday Blitz"]
[Site "Chess.com"]
[Date "2021.03.02"]
[Round "7"]
[White "13MiRacLe"]
[Black "Chandradi"]
[Result "1-0"]
[WhiteElo "2745"]
[BlackElo "2366"]
[TimeControl "180+1"]
[EndTime "11:18:02 PST"]
[Termination "13MiRacLe won by resignation"]

1. e4 c5 2. Nf3 g6 3. d4 cxd4 4. Nxd4 Nc6 5. c4 Nf6 6. Nc3 Nxd4 7. Qxd4 d6 8. Be2 Bg7 9. Be3 O-O 10. Qd2 a5 11. O-O a4 12. Bd4 Qa5 13. Rad1 Be6 14. f4 Rfc8 15. b3 axb3 16. axb3 Qb4 17.
f5 Bd7 18. Bxf6 exf6 19. Nd5 Qxd2 20. Rxd2 Rd8 21. fxg6 hxg6 22. Nxf6+ Bxf6 23. Rxf6 Be6 24. Rf3 Ra1+ 25. Kf2 Kf8 26. Rfd3 Ke7 27. e5 Ra6 28. Ke3 Bf5 29. Rxd6 Raxd6 30. Rxd6 Rxd6 31. exd6+ Kxd6 32. Kd4 b6 33. b4 f6 34. g4 Be6 35. h4 f5 36. g5 f4 37. Ke4 f3 38. Kxf3 Ke5 39.
Ke3 Bf7 40. Bd3 Be8 41. Be4 Bf7 42. c5 bxc5 43. bxc5 Be8 44. c6 Kd6 45. Kd4 Bf7 46.
c7 Kxc7 47. Ke5 Kd7 48. Kf6 Bc4 49. Bxg6 1-0

[Event "*** Titled Tuesday Blitz"]
[Site "Chess.com"]
[Date "2021.03.02"]
[Round "7"]
[White "HackingKid98"]
[Black "sau6on"]
[Result "0-1"]
[WhiteElo "2458"]
[BlackElo "2622"]
[TimeControl "180+1"]
[EndTime "11:18:02 PST"]
[Termination "sau6on won on time"]

1. d4 d5 2. c4 Nc6 3. cxd5 Qxd5 4. e3 e5 5. Nc3 Bb4 6. Bd2 Bxc3 7. Bxc3 exd4 8. Ne2 Nf6 9. Nxd4 O-O 10. Nb5 Bg4 11. f3 Qg5 12. fxg4 Nxg4 13. Qf3 Rfe8 14.
Bd2 Nxe3 15. Kf2 Ng4+ 16. Kg3 Qxd2 17. Qxg4 Re3+ 18. Kh4 Qd8+ 19. Qg5 Re4+ 20. g4 f6 21. Qf5 g5+ 22. Kg3 Re3+ 23. Kf2 Qd2+ 24. Kg1 Ne5 25. Bg2 Re2 26. Qf1 Qe3+ 0-1

[Event "*** Titled Tuesday Blitz"]
[Site "Chess.com"]
[Date "2021.03.02"]
[Round "7"]
[White "nicolevalladar"]
[Black "Kostukov_Alex"]
[Result "0-1"]
[WhiteElo "1853"]
[BlackElo "2322"]
[TimeControl "180+1"]
[EndTime "11:18:02 PST"]
[Termination "Kostukov_Alex won by resignation"]

1. e4 c5 2. Nc3 g6 3. d3 Bg7 4. g3 Nc6 5. Bg2 d6 6. Be3 e5 7. Qd2 Nge7 8. Nf3 Nd4 9. Ne2 Bh3 10. O-O Nxf3+ 11. Bxf3 Bxf1 12. Rxf1 O-O 13. Bg2 Qd7 14. f4 f5 15. Bh3 Qc6 16. Bg2 fxe4 17. Bxe4 d5 18.
Bg2 Qd6 19. fxe5 Rxf1+ 20. Bxf1 Bxe5 21. d4 cxd4 22. Nxd4 Nc6 23. Nb5 Qd7 24. c3 a6 25.
Nd4 Nxd4 26. Bxd4 Bxd4+ 27. Qxd4 b5 28. Bh3 Qa7 29. Be6+ Kf8 30. Qxa7 Rxa7 31. Bxd5 Rd7 32. Bc6 Rd1+ 33. Kg2 Rd2+ 34. Kh3 Rxb2 0-1

[Event "*** Titled Tuesday Blitz"]
[Site "Chess.com"]
[Date "2021.03.02"]
[Round "7"]
[White "IriBu"]
[Black "Chernov_Mikhail"]
[Result "1-0"]
[WhiteElo "2555"]
[BlackElo "2360"]
[TimeControl "180+1"]
[EndTime "11:18:03 PST"]
[Termination "IriBu won on time"]

1. e4 c5 2. Be2 Nc6 3. f4 g6 4. Nf3 Bg7 5. O-O d6 6. c3 Bg4 7. d3 e6 8. Be3 Nge7 9. Nbd2 O-O 10. h3 Bxf3 11. Nxf3 b6 12. d4 cxd4 13. Nxd4 Nxd4 14.
Bxd4 Bxd4+ 15. Qxd4 d5 16. Bf3 dxe4 17. Qxe4 Qc7 18.
Rfd1 Rad8 19. g3 Nf5 20. Kg2 Qc5 21. Re1 Rd2+ 22. Re2 Rfd8 23. Re1 h5 24. h4 Rxe2+ 25. Rxe2 Rd1 26. Re1 Rxe1 27. Qxe1 Qe3 28. Qxe3 Nxe3+ 29. Kf2 Nf5 30. Be4 Nd6 31. Ke3 Kf8 32. Kd4 Ke7 33.
Bd3 Kf6 34. a4 Ke7 35. b4 Ne8 36. c4 Nc7 37. c5 Nd5 38. cxb6 axb6 39. Kc4 Kd6 40.
Kb5 Kc7 41. a5 bxa5 42. bxa5 Kb7 43. Kc5 Kc7 44. a6 Ne7 45. Be4 Nc8 46. Bf3 Na7 47. Bb7 f6 48. Be4 1-0

[Event "*** Titled Tuesday Blitz"]
[Site "Chess.com"]
[Date "2021.03.02"]
[Round "7"]
[White "Godzillator"]
[Black "Das_Virus_2020"]
[Result "0-1"]
[WhiteElo "2284"]
[BlackElo "2455"]
[TimeControl "180+1"]
[EndTime "11:18:06 PST"]
[Termination "Das_Virus_2020 won on time"]

1. d4 Nf6 2. c4 c5 3. d5 b5 4. Nf3 Bb7 5. Qc2 bxc4 6. e4 e6 7.
Nc3 exd5 8. exd5 Nxd5 9. Nxd5 Bxd5 10. Bg5 Be7 11. Be3 Nc6 12. Bxc4 Bxc4 13. Qxc4 d5 14.
Qa4 Qa5+ 15. Qxa5 Nxa5 16. O-O-O d4 17. Bf4 O-O 18. Ne5 Rfe8 19. Rhe1 Rac8 20. Bd2 Nc6 21. Nc4 Bf8 22. b3 f6 23. Bf4 Kf7 24. h3 Nb4 25. Rxe8 Rxe8 26. a3 Nd5 27. Bd2 Re2 28. Be1 g6 0-1

[Event "*** Titled Tuesday Blitz"]
[Site "Chess.com"]
[Date "2021.03.02"]
[Round "7"]
[White "Onischuk_V"]
[Black "jefferyx"]
[Result "0-1"]
[WhiteElo "2820"]
[BlackElo "3023"]
[TimeControl "180+1"]
[EndTime "11:18:08 PST"]
[Termination "jefferyx won by resignation"]

1. Nf3 d5 2. g3 Nd7 3. Bg2 e5 4. O-O Bd6 5. c4 dxc4 6. Na3 Bxa3 7. bxa3 e4 8. Nd4 Ngf6 9. Bb2 O-O 10. Qc2 Nb6 11. f3 c5 12. Nb5 a6 13. Nc3 exf3 14. Rxf3 Be6 15. Raf1 Nfd5 16. Nd1 Qg5 17. e4 Ne7 18. Ne3 Rad8 19. Bc3 Nc6 20. h4 Qe7 21. Rf5 Nd4 22. Qd1 Nd7 23. Qa1 Bxf5 24. Nxf5 Nxf5 25.
exf5 Nf6 26. Re1 Qd6 27. Re5 Rfe8 28. Bf3 Rxe5 0-1

[Event "*** Titled Tuesday Blitz"]
[Site "Chess.com"]
[Date "2021.03.02"]
[Round "7"]
[White "korkmaz16"]
[Black "KonstantinB_1983"]
[Result "0-1"]
[WhiteElo "2401"]
[BlackElo "2542"]
[TimeControl "180+1"]
[EndTime "11:18:08 PST"]
[Termination "KonstantinB_1983 won on time"]

1. e4 d5 2. exd5 Qxd5 3. Nc3 Qd6 4. d4 Nf6 5. Bd3 a6 6. Ne4 Nxe4 7. Bxe4 Nc6 8. c3 g6 9. Nf3 Bg7 10. O-O O-O 11.
h3 Rb8 12. Re1 h6 13. Nd2 Be6 14. Qe2 Bd5 15. Nc4 Qd7 16. Bxd5 Qxd5 17. Ne3 Qd7 18.
Qf3 e6 19. Ng4 f5 20. Nxh6+ Kh7 21. Qf4 Rbe8 22. Bd2 e5 23. dxe5 Bxe5 24. Rxe5 Nxe5 25. Be3 Nc6 26. Qh4 Kg7 27. Qg5 Qe7 28. h4 Qxg5 29.
hxg5 Rd8 30. b4 f4 31. Bc5 Rfe8 32. a4 Rd5 33. c4 Rxg5 0-1

[Event "*** Titled Tuesday Blitz"]
[Site "Chess.com"]
[Date "2021.03.02"]
[Round "7"]
[White "Alex-11211"]
[Black "Kapibara_Warri0r"]
[Result "1-0"]
[WhiteElo "2365"]
[BlackElo "2215"]
[TimeControl "180+1"]
[EndTime "11:18:09 PST"]
[Termination "Alex-11211 won by resignation"]

1. e4 e5 2. Bc4 Nf6 3. Nc3 Nc6 4. d3 Bb4 5. Ne2 Nd4 6. O-O O-O 7. f4 d6 8. f5 h6 9. Kh1 Nxe2 10. Qxe2 Bxc3 11.
bxc3 c6 12. Bb3 Qe7 13. g4 Nh7 14. a4 Qh4 15. Rg1 Ng5 16. Be3 Nh3 17. Rg3 Nf4 18. Bxf4 exf4 19. Rf3 Qxg4 20. Rg1 Qh5 21. Qg2 Qg5 22.
Qh3 Qf6 23. Rxf4 d5 24. Rfg4 g6 25. Qxh6 Qg7 26. Qf4 dxe4 27. dxe4 Bd7 28. Rxg6 1-0

[Event "*** Titled Tuesday Blitz"]
[Site "Chess.com"]
[Date "2021.03.02"]
[Round "7"]
[White "WcmDominicToretto"]
[Black "KarateBaby"]
[Result "0-1"]
[WhiteElo "1926"]
[BlackElo "2206"]
[TimeControl "180+1"]
[EndTime "11:18:09 PST"]
[Termination "KarateBaby won by checkmate"]

1. e4 g6 2. Bc4 Bg7 3. Qf3 e6 4. Nc3 Ne7 5. d4 d5 6. exd5 exd5 7. Nxd5 Nxd5 8. Bxd5 O-O 9. Ne2 c6 10. Bc4 b5 11. Bb3 a5 12. a4 Ra7 13. O-O Nd7 14. Be3 Nf6 15. d5 Bg4 16. Qg3 Bxe2 17. Bxa7 Bxf1 18.
Rxf1 bxa4 19. Bxa4 cxd5 20. Bc5 Ne4 21. Qa3 Nxc5 22.
Qxc5 Bxb2 23. Rd1 d4 24. Qb5 Bc3 25. Qc4 Qe7 26. h3 Qb4 27. Qa2 Rb8 28. Bd7 Qb2 29. Qd5 Qxc2 30. Rf1 d3 31. Bb5 d2 32. Bc4 Rf8 33. Bb3 Qb2 34. Ba2 a4 35. Qc4 a3 36.
Bb3 Qc1 37. Qd3 Qb2 38. Qc4 Kh8 39. Ba2 Qc2 40. Bb3 Qb2 41. Ba2 Rd8 42. Bb3 a2 43. Bxa2 d1=Q 44. Qxf7 Qxf1+ 45. Kxf1 Rd1# 0-1

[Event "*** Titled Tuesday Blitz"]
[Site "Chess.com"]
[Date "2021.03.02"]
[Round "7"]
[White "lacafi"]
[Black "Eloist"]
[Result "0-1"]
[WhiteElo "2160"]
[BlackElo "2324"]
[TimeControl "180+1"]
[EndTime "11:18:10 PST"]
[Termination "Eloist won on time"]

1. d4 e6 2. Nf3 Nf6 3. e3 b6 4.
Bd3 Bb7 5. Nbd2 c5 6. Qe2 g6 7. O-O Bg7 8. c3 O-O 9. e4 cxd4 10. cxd4 d5 11. e5 Nfd7 12. h4 Nc6 13. a3 Nxd4 14. Nxd4 Nxe5 15. N2f3 Nxd3 16. Qxd3 e5 17. Bg5 Qb8 18. Nb5 e4 19. Qb3 exf3 20. Qxf3 d4 21. Qb3 a6 22. Be7 axb5 23. Bxf8 Qxf8 24. Rfe1 Qd6 25.
Qxb5 h5 26. Rac1 d3 0-1

[Event "*** Titled Tuesday Blitz"]
[Site "Chess.com"]
[Date "2021.03.02"]
[Round "7"]
[White "Homyakova_Elena"]
[Black "Babujj"]
[Result "0-1"]
[WhiteElo "2300"]
[BlackElo "2463"]
[TimeControl "180+1"]
[EndTime "11:18:11 PST"]
[Termination "Babujj won by resignation"]

1. e4 e6 2. d4 d5 3. Nd2 c5 4. exd5 Qxd5 5. Ngf3 cxd4 6. Bc4 Qd6 7. O-O Nf6 8. Nb3 Nc6 9. Nbxd4 Nxd4 10. Nxd4 a6 11. c3 Qc7 12. Bb3 Bd6 13. h3 O-O 14. Qf3 e5 15. Nc2 Bd7 16. Bg5 Bc6 17. Qe2 Nd7 18. Ne3 Nc5 19. Bc2 e4 20. Nf5 Ne6 21. Be3 Bb5 22. Qg4 Bxf1 23. Rxf1 g6 24. Bxe4 Bf4 25. Nh6+ Kg7 26. Nf5+ Kh8 27. Nd4 Bxe3 28. fxe3 Nxd4 29. exd4 f5 0-1

[Event "*** Titled Tuesday Blitz"]
[Site "Chess.com"]
[Date "2021.03.02"]
[Round "7"]
[White "Pantata007"]
[Black "eCztery"]
[Result "0-1"]
[WhiteElo "2240"]
[BlackElo "2392"]
[TimeControl "180+1"]
[EndTime "11:18:11 PST"]
[Termination "eCztery won on time"]

1. d4 Nf6 2. c4 g6 3. Nc3 d5 4. cxd5 Nxd5 5. e4 Nxc3 6. bxc3 Bg7 7. Nf3 c5 8. Be3 Qa5 9. Qd2 cxd4 10. cxd4 Qxd2+ 11.
Kxd2 Nc6 12. Rb1 Bg4 13. d5 O-O-O 14. Bd3 Bxf3 15. gxf3 Nd4 16. Rb4 e5 17. f4 Kb8 18.
Rhb1 b6 19. fxe5 Nf3+ 20. Ke2 Nxe5 21. Ba6 f5 22. f4 Nd7 23. e5 g5 24. d6 gxf4 25.
Bxf4 Bxe5 26. Bxe5 Nxe5 27. Rc1 Rxd6 28. Rb3 Re8 29. Kf1 Nd7 30. Rbc3 Nc5 31. Bb5 Red8 32. a4 Rd1+ 33. Ke2 R8d2+ 34. Ke3 f4+ 35. Kxf4 Nd3+ 36.
Ke3 Nxc1 37. Rc8+ Kxc8 0-1

[Event "*** Titled Tuesday Blitz"]
[Site "Chess.com"]
[Date "2021.03.02"]
[Round "7"]
[White "CraiggoryC"]
[Black "GMaka"]
[Result "0-1"]
[WhiteElo "2272"]
[BlackElo "2449"]
[TimeControl "180+1"]
[EndTime "11:18:12 PST"]
[Termination "GMaka won on time"]

1. e4 c6 2. Nf3 d5 3. e5 Bg4 4. d4 e6 5. c3 c5 6. dxc5 Bxf3 7. Qxf3 Bxc5 8. b4 Be7 9. Qg3 g6 10. Bd3 Nc6 11. O-O Qc7 12. f4 Nh6 13. Na3 a6 14. Be3 Bf8 15. Rac1 Nf5 16. Bxf5 gxf5 17. Nc2 h5 18. Nd4 Nxd4 19. Bxd4 Qc4 20. Qf2 h4 21. h3 Be7 22. Rfe1 Rg8 23. Kh2 Kd7 24. Re3 Rg6 25.
Qe2 Qxe2 26. Rxe2 Rc8 27. a3 Rc4 28. Rb1 Kc6 29. Re3 Kb5 30. Bc5 Bxc5 31. bxc5+ Kc6 32. Rb6+ Kc7 33. Rb4 Rxc5 34. Kg1 a5 35. Ra4 Kb6 36. Kf2 Kb5 37. Rd4 Rc4 38. Red3 Kc5 39. Rxc4+ Kxc4 40. Re3 b5 0-1

[Event "*** Titled Tuesday Blitz"]
[Site "Chess.com"]
[Date "2021.03.02"]
[Round "7"]
[White "MillyNeuf"]
[Black "shaheus"]
[Result "1-0"]
[WhiteElo "2283"]
[BlackElo "2416"]
[TimeControl "180+1"]
[EndTime "11:18:12 PST"]
[Termination "MillyNeuf won on time"]

1. e4 c5 2. Nc3 Nc6 3. g3 g6 4.
Bg2 Bg7 5. d3 e6 6. Be3 b6 7.
Qd2 Nge7 8. Bh6 O-O 9. h4 Bb7 10.
h5 Bh8 11. Bxf8 Qxf8 12. hxg6 fxg6 13. Nge2 Qf7 14. Nf4 a6 15. Nh3 Bf6 16. Ng5 Bxg5 17. Qxg5 Nd4 18. Qd2 b5 19. Ne2 Nf3+ 20. Bxf3 Qxf3 21.
Rg1 Rf8 22. Qe3 Qf6 23. c3 d6 24. f4 Nc6 25. g4 b4 26. f5 exf5 27. gxf5 Ne5 28. O-O-O c4 29. dxc4 Nxc4 30. Qd4 Qxd4 31. Rxd4 Ne3 32. fxg6 hxg6 33. Rxd6 Bxe4 34. Re6 Rf2 35.
Rxe4 Rxe2 36. Rxg6+ Kf7 37. Rge6 1-0

[Event "*** Titled Tuesday Blitz"]
[Site "Chess.com"]
[Date "2021.03.02"]
[Round "7"]
[White "ViktoriyaTarasova"]
[Black "redblizzard"]
[Result "0-1"]
[WhiteElo "2279"]
[BlackElo "2442"]
[TimeControl "180+1"]
[EndTime "11:18:13 PST"]
[Termination "redblizzard won by resignation"]

1. d4 Nf6 2. c4 g6 3. Nc3 d5 4. cxd5 Nxd5 5. g3 Bg7 6. Bg2 Nxc3 7. bxc3 O-O 8. e3 c5 9. Ne2 Nc6 10. O-O Qc7 11. d5 Ne5 12. e4 c4 13. Qc2 Bg4 14.
Nd4 Nd3 15. Be3 e5 16. dxe6 Bxe6 17. f4 Rad8 18. f5 Bc8 19. f6 Bh8 20. Rab1 Rfe8 21. Nb5 Qe5 22. Bd4 Qh5 23. Nc7 Re5 24. Bxe5 Qxe5 25.
Nd5 Be6 26. Rxb7 Bxd5 27. exd5 Bxf6 28. Kh1 h5 29. Rxa7 h4 30. gxh4 Rd6 31. Ra8+ Kg7 32. Qa4 Rxd5 33. Qxc4 Rd6 34. Qf4 Nxf4 0-1

[Event "*** Titled Tuesday Blitz"]
[Site "Chess.com"]
[Date "2021.03.02"]
[Round "7"]
[White "arminmusovic"]
[Black "Deepweb2020"]
[Result "1-0"]
[WhiteElo "2547"]
[BlackElo "2406"]
[TimeControl "180+1"]
[EndTime "11:18:15 PST"]
[Termination "arminmusovic won by checkmate"]

1. a3 e5 2. Nc3 d5 3. d4 e4 4.
Bf4 Bd6 5. Nxd5 Nc6 6. e3 Bxf4 7.
Nxf4 g5 8. Nh5 Nh6 9. Ng7+ Kf8 10. Nh5 f5 11. h4 gxh4 12. Nf4 Ng4 13. Be2 Qg5 14.
Ngh3 Qg7 15. Nh5 Qg5 16. N3f4 Bd7 17. g3 hxg3 18. Nxg3 Nxe3 19. fxe3 Qxg3+ 20. Kd2 Nxd4 21. Rh3 Qg5 22. Rh5 Qg3 23. Qh1 Nxe2 24. Nxe2 Qd6+ 25. Kc1 Be6 26. b3 Rd8 27. Kb2 Qe5+ 28. Nc3 b5 29.
Rf1 a5 30. Qxe4 Qf6 31. Rhxf5 Bxf5 32. Rxf5 Kg7 33. Rxf6 Kxf6 34. Nxb5 h5 35. Qf4+ Ke6 36. Nxc7+ Kd7 37. Qf7+ Kc6 38. Ne6 Rde8 39. Nd4+ Kd6 40. Qf6+ Kd5 41. Qf5+ Kd6 42. c4 h4 43. Qd5+ Ke7 44.
Qe5+ Kf7 45. Qf5+ Kg7 46. Ne6+ Kh6 47. Qf6+ Kh7 48. Qg7# 1-0

[Event "*** Titled Tuesday Blitz"]
[Site "Chess.com"]
[Date "2021.03.02"]
[Round "7"]
[White "kai_nov"]
[Black "zim0ne"]
[Result "1-0"]
[WhiteElo "2397"]
[BlackElo "2507"]
[TimeControl "180+1"]
[EndTime "11:18:15 PST"]
[Termination "kai_nov won by resignation"]

1. d4 Nf6 2. c4 g6 3. f3 Bg7 4. e4 d6 5. Nc3 O-O 6. Bg5 c5 7. d5 h6 8. Be3 e6 9. Qd2 exd5 10. cxd5 h5 11. a4 Nbd7 12. Nh3 Ne5 13. Nf2 Qa5 14.
Ra3 Bd7 15. Be2 Qc7 16. O-O b6 17. h3 Bc8 18. Nb5 Qd8 19. f4 Ned7 20. Nxd6 Qe7 21. e5 Ne8 22. Nxc8 Rxc8 23. Bc4 Kh8 24. Ne4 Qh4 25.
Bf2 Qd8 26. Ng5 Bh6 27. Bh4 Bxg5 28. Bxg5 f6 29. Bh4 Qe7 30. d6 Qg7 31. e6 Nb8 32. e7 Rf7 33. Bxf7 Qxf7 34. d7 Nxd7 35. Qxd7 Rc7 36.
Qd8 Rxe7 37. Rd3 Kg7 38. f5 gxf5 39. Rxf5 Nc7 40. Rg3+ Kh7 41. Rxf6 1-0

[Event "*** Titled Tuesday Blitz"]
[Site "Chess.com"]
[Date "2021.03.02"]
[Round "7"]
[White "NikolaN98"]
[Black "Rytenko_V"]
[Result "1-0"]
[WhiteElo "2521"]
[BlackElo "2375"]
[TimeControl "180+1"]
[EndTime "11:18:15 PST"]
[Termination "NikolaN98 won on time"]

1. d3 d5 2. Nf3 c5 3. g3 Nc6 4. Bg2 e5 5. O-O Be6 6. e4 dxe4 7. Ng5 Bd5 8. Nc3 Nf6 9. Nxd5 Nxd5 10. dxe4 Nf6 11.
c3 Qxd1 12. Rxd1 Be7 13. f3 O-O 14. Bf1 h6 15. Nh3 a6 16. Nf2 Rfd8 17. Be3 b5 18. Rxd8+ Rxd8 19. a4 Rb8 20. axb5 axb5 21. Ra6 Nd8 22.
Nd3 Nd7 23. Bh3 Rb7 24. Ra8 Kh7 25. Kf2 f6 26. Ke2 c4 27. Nb4 Bxb4 28. Rxd8 Bxc3 29. bxc3 1-0

[Event "*** Titled Tuesday Blitz"]
[Site "Chess.com"]
[Date "2021.03.02"]
[Round "7"]
[White "publicaccountcze"]
[Black "pedro_nascimento85"]
[Result "1-0"]
[WhiteElo "2204"]
[BlackElo "2091"]
[TimeControl "180+1"]
[EndTime "11:18:15 PST"]
[Termination "publicaccountcze won by resignation"]

1. d4 d5 2. c4 e6 3. Nc3 Be7 4. cxd5 exd5 5. Bf4 Nf6 6. e3 O-O 7. Bd3 c6 8. Nge2 Nh5 9. Be5 Bd6 10. Bg3 Nxg3 11. hxg3 h6 12. Qc2 b5 13. a3 a5 14.
O-O Bb7 15. b3 Nd7 16. e4 dxe4 17. Nxe4 Be7 18. Rfd1 Rc8 19. Nc5 Nxc5 20. dxc5 Qc7 21. Bh7+ Kh8 22. Nf4 Qe5 23. b4 axb4 24. axb4 Bg5 25.
Bf5 Rcd8 26. Nh3 Bf6 27. Rac1 Rd4 28. Rxd4 Qxd4 29. Rd1 Qxb4 30. Rd7 Qb2 31. Qxb2 Bxb2 32. Rxb7 Kg8 33. Bd7 Rd8 34. Bxc6 1-0

[Event "*** Titled Tuesday Blitz"]
[Site "Chess.com"]
[Date "2021.03.02"]
[Round "7"]
[White "Fy_Rakotomaharo"]
[Black "Gurvich_Vitaly"]
[Result "0-1"]
[WhiteElo "2737"]
[BlackElo "2603"]
[TimeControl "180+1"]
[EndTime "11:18:17 PST"]
[Termination "Gurvich_Vitaly won by checkmate"]

1. d4 d5 2. c4 e6 3. cxd5 exd5 4. Nc3 h6 5. Bf4 c6 6. e3 Bd6 7. Bxd6 Qxd6 8. Bd3 Ne7 9. Qc2 O-O 10. Nf3 Nd7 11.
O-O Nf6 12. Rab1 a5 13. Rfc1 Re8 14. Na4 g6 15. Nb6 Ra7 16. Nxc8 Rxc8 17. Ne5 Kg7 18.
f4 Re8 19. Rf1 Qd8 20. Rf3 a4 21. h4 Ne4 22. Bxe4 dxe4 23. Qxe4 Nf5 24. h5 f6 25. hxg6 Nd6 26. Qd3 fxe5 27. fxe5 b5 28. Rc1 Nc4 29. Rcf1 Nxe5 30. Qe2 Nxf3+ 31. Qxf3 Qe7 32. e4 Rf8 33. Qc3 Rxf1+ 34. Kxf1 Qf6+ 35. Kg1 Rd7 36. e5 Qxg6 37. d5 Rxd5 38. e6+ Qf6 39. Qg3+ Rg5 40. Qc7+ Kg6 41. Qd7 Re5 42. Qe8+ Kg5 43. Qg8+ Kf5 44. g4+ Ke4 45. Qf7 Qxe6 46. Qh7+ Kd4 47. Kh2 Re2+ 48. Kh3 Qe3+ 49. Kh4 Rh2# 0-1